 Dungeon Crawl Stone Soup version 0.29.0-11-gd7f09526c8 (webtiles) character file.

Game seed: 14343774871525392391

3634 keekatzer the Grasshopper (level 9, -17/79 HPs)
             Began as a Yellow Draconian Monk on Sept 6, 2022.
             Was an Initiate of Gozag.
             Demolished by an orc knight
             ... wielding a +4 trident
              (35 damage)
             ... in a bailey.
             The game lasted 00:34:23 (5287 turns).

keekatzer the Grasshopper (Yellow Draconian Monk)   Turns: 5287, Time: 00:34:23

Health: -17/79     AC: 10    Str: 13    XL:     9   Next: 87%
Magic:  12/16      EV: 16    Int: 12    God:    Gozag
Gold:   1503       SH:  0    Dex: 20    Spells: 5/18 levels left

rFire   . . .      SeeInvis .   M - +7 war axe "Celihoch" {vorpal, *Rage rCorr Dex+3}
rCold   . . .      Faith    .   (no shield)
rNeg    . . .      Spirit   .   (body armour unavailable)
rPois   .          Reflect  .   (helmet restricted)
rElec   .          Harm     .   (no cloak)
rCorr   +          Rampage  .   t - +0 pair of gloves
Will    .....      Rage     20% G - +1 pair of boots
Stlth   ++........              (no amulet)
HPRegen 0.23/turn               (no ring)
MPRegen 0.15/turn               (no ring)

@: short of breath, gold aura
A: spit acid, AC +7, unfitting armour, cold-blooded, acid resistance
a: Breathe Acid, Renounce Religion, Potion Petition, Call Merchant, Bribe Branch


You were in a bailey.
You worshipped Gozag.
Gozag was most pleased with you.
You visited 1 branch of the dungeon, and saw 8 of its levels.
You also visited: Bailey.

You collected 1503 gold pieces.

Inventory:

Hand Weapons
 a - a +0 spear
 l - a +2 whip of draining
 n - a +0 dagger of speed
 M - the +7 war axe "Celihoch" (weapon) {vorpal, *Rage rCorr Dex+3}
   (You found it on level 7 of the Dungeon)

   It inflicts extra damage upon your enemies.
   Dex:       It affects your dexterity (+3).
   *Rage:     It berserks you when you make melee attacks (+20% chance).
   rCorr:     It protects you from acid and corrosion.
Missiles
 j - 4 atropa-tipped darts (quivered)
 q - 7 boomerangs of dispersal
 x - 5 silver javelins
Armour
 t - a +0 pair of gloves (worn)
 G - a +1 pair of boots (worn)
Wands
 o - a wand of charming (11)
 v - a wand of polymorph (5)
 y - a wand of roots (11)
 B - a wand of light (22)
 I - a wand of digging (6)
Scrolls
 e - 2 scrolls of teleportation
 f - 2 scrolls of poison
 i - a scroll of enchant armour
 u - a scroll of blinking {unknown}
 w - a scroll of enchant weapon
 z - a scroll of fear {unknown}
 C - 2 scrolls of brand weapon {unknown}
 F - a scroll of butterflies {unknown}
 H - a scroll of magic mapping {unknown}
 L - 2 scrolls of noise {unknown}
Potions
 b - 2 potions of ambrosia
 c - 5 potions of attraction
 d - 3 potions of curing {unknown}
 g - 3 potions of brilliance {unknown}
 h - 3 potions of mutation
 k - 3 potions of haste {unknown}
 m - 3 potions of berserk rage
 p - a potion of flight {unknown}
 r - 2 potions of magic {unknown}
 s - 2 potions of degeneration {unknown}
 A - a potion of lignification {unknown}
 D - 3 potions of heal wounds {unknown}
 E - 2 potions of invisibility {unknown}
 J - 3 potions of might
 K - a potion of cancellation {unknown}
 N - a potion of experience {unknown}


   Skills:
 - Level 7.4 Fighting
 * Level 5.9(6.2) Axes
 - Level 3.0(4.8) Polearms
 - Level 6.1 Dodging
 - Level 1.7 Stealth
 - Level 5.0 Spellcasting
 + Level 7.6 Translocations


You had 5 spell levels left.
You knew the following spells:

 Your Spells              Type           Power      Damage    Failure   Level
a - Gell's Gravitas       Tloc           21%        N/A       2%          3
b - Lesser Beckoning      Tloc           21%        N/A       2%          3
c - Teleport Other        Tloc           21%        N/A       2%          3
d - Passage of Golubria   Tloc           21%        N/A       9%          4

Your spell library contained the following spells:

 Spells                   Type           Power      Damage    Failure   Level
 Tukima's Dance           Hex            3%         N/A       52%         3
 Yara's Violent Unravell  Hex/Tmut       1%         3d3       99%         5


Dungeon Overview and Level Annotations

Branches:
Dungeon (9/15)             Bailey (1/1)
 Temple: D:4-7         Lair: D:8-11         Orc: D:9-12

Altars:
Fedhas
Gozag
Trog

Annotations:
D:2 Sigmund
D:5 2 transporters, Bediveer's ghost, novice OpFE
D:7 Joseph


Innate Abilities, Weirdness & Mutations

You can spit globs of acid.
Your golden yellow scales are hard. (AC +7)
You cannot fit into any form of body armour.
You are cold-blooded and may be slowed by cold attacks.
You are resistant to acid. (rCorr)


Message History

The orc warrior barely misses you.
Found a scroll of enchant armour and a scroll of summoning.
The orc warrior completely misses you.
You barely miss the orc warrior.
The orc warrior hits you but does no damage.
You completely miss the orc warrior.
The orc warrior hits you with a +0 spear.
Press: ? - help, Shift-Dir - straight line, f - orc warrior
Aim: an orc warrior, wielding a +0 spear and wearing a +0 chain mail (60% to hit)
You spit a glob of acid.
The glob of acid misses the orc warrior.
The glob of acid hits the orc knight!!
The acid corrodes the orc knight!
The acid splashes onto the orc warrior!
The orc warrior is splashed with acid!
The acid corrodes the orc warrior!
The orc knight is moderately wounded.
The orc warrior misses you. The orc knight misses you.
The orc warrior hits you with a +0 spear!
The orc knight roars a battlecry!
The orc warrior goes into a battle-frenzy!
You hit the orc warrior.
The orc warrior is heavily wounded.
You hit the orc knight.
The orc warrior is distracted by your dazzling golden aura.
The orc knight hits you with a +4 trident!!
The orc knight roars a battlecry!
The orc knight goes into a battle-frenzy!
The orc warrior shouts!
You slash the orc warrior!
You kill the orc warrior!
You barely miss the orc knight.
The orc knight roars a battlecry!
The orc knight goes into a battle-frenzy!
The orc knight hits you with a +4 trident!!
* * * LOW HITPOINT WARNING * * *
You closely miss the orc knight.
The orc knight is moderately wounded.
The orc knight is distracted by your dazzling golden aura.
The orc knight hits you with a +4 trident!!
You die...
Your body crumbles into a pile of gold.

########### #######
..........###.....######
.......@...'.......#....
.???..o$...'....#..'....
...?......$'.o.)...'....
.???.......'...)#..'....
...........'.......#....
..........###.....######
########### #######


You could see 2 orc knights.

Vanquished Creatures
  Pikel (D:6)
  An orc knight (Bailey)
  Menkaure (D:4)
  7 orc warriors
  An ice beast (D:6)
  2 ogres
  A centaur (D:6)
  2 lemures (D:6)
  A kobold brigand (D:9)
  A phantom (D:4)
  3 bullfrogs
  Blork the orc (D:6)
  2 scorpions
  5 wights (D:9)
  4 jellies
  5 hounds
  An orc priest (D:5)
  A gnoll bouda (D:6)
  Jessica (D:3)
  4 iguanas
  Natasha (twice) (D:2)
  2 orc wizards (D:3)
  Robin (D:2)
  8 gnolls (D:6)
  4 adders
  2 white imps (D:6)
  An ufetubus (D:5)
  2 worms
  31 orcs
  9 ball pythons
  7 endoplasms
  2 giant cockroaches
  20 goblins
  14 hobgoblins
  8 jackals
  13 kobolds
  4 quokkas
  3 bats (D:1)
  3 frilled lizards (D:2)
  8 rats
189 creatures vanquished.

Vanquished Creatures (others)
  A centaur (D:7)
  A plant (D:7)
2 creatures vanquished.

Grand Total: 191 creatures vanquished

Notes
Turn   | Place    | Note
-------+----------+-------------------------------------------
     0 | D:1      | keekatzer the Draconian Monk began the quest for the Orb.
     0 | D:1      | Reached XP level 1. HP: 19/19 MP: 1/1
    98 | D:1      | Reached XP level 2. HP: 21/26 MP: 2/2
   134 | D:1      | Found a faded altar of an unknown god.
   146 | D:1      | Prayed at the altar of an unknown god.
   146 | D:1      | Became a worshipper of Gozag Ym Sagoz the Greedy
   343 | D:1      | Reached XP level 3. HP: 30/33 MP: 3/3
   886 | D:2      | Noticed Robin
   914 | D:2      | Killed Robin
   915 | D:2      | Reached XP level 4. HP: 40/41 MP: 4/4
  1223 | D:2      | Noticed Sigmund
  1223 | D:2      | Noticed Natasha
  1344 | D:2      | Killed Natasha
  1461 | D:2      | Noticed Natasha
  1467 | D:2      | Killed Natasha
  1468 | D:2      | Reached skill level 5 in Fighting
  1486 | D:3      | Reached XP level 5. HP: 48/48 MP: 5/5
  1686 | D:3      | Noticed Jessica
  1703 | D:3      | Killed Jessica
  2347 | D:4      | Reached XP level 6. HP: 57/57 MP: 6/6
  2470 | D:4      | Reached skill level 5 in Dodging
  2764 | D:4      | Noticed Menkaure
  2773 | D:4      | Killed Menkaure
  2774 | D:4      | Your scales start taking on a golden yellow colour.
  2774 | D:4      | Reached XP level 7. HP: 34/64 MP: 7/7
  2774 | D:4      | Gained mutation: You are resistant to acid. (rCorr) [Yellow
                  | Draconian growth]
  2921 | D:5      | Entered Level 5 of the Dungeon
  2921 | D:5      | Found a transporter.
  2924 | D:5      | Noticed Bediveer's ghost (novice OpFE)
  2945 | D:5      | Reached skill level 1 in Translocations
  2984 | D:5      | Reached skill level 1 in Spellcasting
  3239 | D:5      | Learned a level 3 spell: Gell's Gravitas
  3251 | D:5      | Learned a level 3 spell: Lesser Beckoning
  3261 | D:5      | Reached XP level 8. HP: 59/71 MP: 12/12
  3265 | D:5      | Learned a level 3 spell: Teleport Other
  3270 | D:5      | Learned a level 4 spell: Passage of Golubria
  3270 | D:5      | Found a transporter.
  3552 | D:6      | Noticed Pikel
  3574 | D:6      | Killed Pikel
  3575 | D:6      | Reached skill level 5 in Translocations
  3727 | D:6      | Reached skill level 5 in Spellcasting
  3932 | D:6      | Reached XP level 9. HP: 64/79 MP: 16/16
  4026 | D:6      | Identified the +0 leather armour of Gecruefi {rF- rC+
                  | Will++ Dex+3}
  4029 | D:6      | Noticed Blork the orc
  4043 | D:6      | Killed Blork the orc
  4313 | D:7      | Noticed Joseph
  4318 | D:7      | Identified the +7 war axe "Celihoch" {vorpal, *Rage rCorr
                  | Dex+3}
  4503 | D:7      | You fall into a shaft and drop 2 floors!
  4517 | D:9      | Found a bloodstained altar of Trog.
  4521 | D:9      | Found a blossoming altar of Fedhas.
  4566 | D:9      | Reached skill level 1 in Axes
  4623 | D:9      | Found a flagged portal.
  4787 | Bailey   | Entered a bailey
  5002 | Bailey   | Noticed an orc knight
  5028 | Bailey   | Killed an orc knight
  5029 | Bailey   | Reached skill level 5 in Axes
  5271 | Bailey   | Noticed an orc knight
  5279 | Bailey   | Noticed an orc knight
  5287 | Bailey   | Demolished by an orc knight

Illustrated notes

Levels and vault maps discovered:
D:1:      minmay_arrival_checkered_box, layout_loops_ring,
          hellmonk_ecumenical_altar_prayer_group
D:2:      layout_loops_corners, nicolae_underground_beach, uniq_sigmund,
          uniq_robin, uniq_natasha
D:3:      layout_basic, chequers_garden, uniq_jessica
D:4:      layout_basic, serial_curves, eino_curves_01, eino_curves_01,
          grunt_ministairs_8, uniq_menkaure
D:5:      layout_cave_pools, gammafunk_ghost_mausoleum
D:6:      layout_basic, uniq_pikel, uniq_blork_the_orc
D:7:      layout_loops_ring, minmay_temple_entry_mini_moons, minivault_26,
          serial_bayou_pond_d, hellmonk_bongcloud_opening, uniq_joseph
D:9:      layout_basic, nicolae_overflow_hidden_temple, enter_bailey_5,
          grunt_ministairs_3, minmay_crystal_room, chequers_serial_rivers_marsh
Bailey:   bailey_polearm_5, bailey

Skill      XL: |  1  2  3  4  5  6  7  8  9 |
---------------+----------------------------+-----
Dodging        | 3 4 5 6 |  6.1
Fighting       | 4 5 6 7 |  7.4
Translocations | 3 5 7 |  7.6
Spellcasting   | 3 5 |  5.0
Axes           | 5 |  5.9
Polearms       | |  3.0
Stealth        | |  1.7

Action                   |  1- 3 |  4- 6 |  7- 9 || total
-------------------------+-------+-------+-------++-------
Melee: Spear             |   134 |       |       ||   134
       Tailslap          |    17 |    23 |    46 ||    86
       Punch             |     2 |     1 |     6 ||     9
       Whip              |    25 |   185 |   252 ||   462
       War axe           |       |       |    53 ||    53
 Cast: Teleport Other    |       |       |     3 ||     3
       Gell's Gravitas   |       |       |     1 ||     1
 Abil: Breathe Acid      |       |       |    20 ||    20
Evoke: Wand              |       |       |     1 ||     1
  Use: Scroll            |       |       |     6 ||     6
 Stab: Sleeping          |     5 |    10 |     2 ||    17
       Distracted        |     1 |       |     1 ||     2
Armor: Skin              |    50 |    52 |   102 ||   204
Dodge: Dodged            |    81 |   119 |   261 ||   461
